 Dungeon Crawl Stone Soup version 0.23.2-1-ga50397a (webtiles) character file.

Game seed: 4911141174484326179

299 doot the Magician (level 6, -12/32 HPs)
             Began as a Deep Elf Wizard on May 5, 2019.
             Mangled by an ogre
             ... wielding a +0 giant club
              (30 damage)
             ... on level 5 of the Dungeon.
             The game lasted 00:09:40 (3577 turns).

doot the Magician (Deep Elf Wizard)                 Turns: 3577, Time: 00:09:40

Health: -12/32     AC:  4    Str:  4    XL:     6   Next: 13%
Magic:  3/18       EV: 13    Int: 25    God:
Gold:   177        SH:  0    Dex: 13    Spells: 6/19 levels left

rFire    . . .     SeeInvis .   f - +2 dagger (holy)
rCold    . . .     Gourm    .   (no shield)
rNeg     . . .     Faith    .   a - +0 robe
rPois    .         Spirit   .   i - +1 helmet
rElec    .         Reflect  .   (no cloak)
rCorr    .         Harm     .   (no gloves)
MR       .....                  (no boots)
Stlth    ++........             (no amulet)
HPRegen  0.10/turn              (no ring)
MPRegen  0.16/turn              (no ring)

@: very slightly contaminated
A: no striking features
a: no special abilities


You were on level 5 of the Dungeon.
You were not hungry.

You visited 1 branch of the dungeon, and saw 5 of its levels.

You collected 177 gold pieces.

Inventory:

Hand Weapons
 f - a +2 dagger of holy wrath (weapon)
Missiles
 o - a throwing net (quivered)
Armour
 a - a +0 robe (worn)
 b - a +0 hat
 i - a +1 helmet (worn)
 p - a +4 chain mail of cold resistance
Scrolls
 e - 6 scrolls of identify {unknown}
 g - a scroll of magic mapping {unknown}
 k - 2 scrolls of teleportation {unknown}
 l - 2 scrolls of amnesia {unknown}
 m - a scroll of fear {unknown}
 n - 2 scrolls of immolation {unknown}
 r - a scroll of enchant armour {unknown}
 s - 2 scrolls of holy word {unknown}
Potions
 c - a potion of curing {unknown}
 h - 2 potions of heal wounds
 j - 2 potions of brilliance {unknown}
 q - 2 potions of degeneration {unknown}
Comestibles
 d - 7 rations


   Skills:
 + Level 0.2 Fighting
 + Level 0.5 Short Blades
 + Level 3.7 Dodging
 + Level 3.1 Stealth
 + Level 7.1 Spellcasting
 + Level 2.6 Conjurations
 + Level 1.8 Summonings
 + Level 1.3 Translocations
 + Level 0.4 Fire Magic
 + Level 0.3 Air Magic
 + Level 0.6 Poison Magic


You had 6 spell levels left.
You knew the following spells:

 Your Spells              Type           Power        Failure   Level  Hunger
a - Magic Dart            Conj           ###.         2%          1    None
b - Blink                 Tloc           N/A          5%          2    None
c - Call Imp              Summ           ###.....     4%          2    None
d - Slow                  Hex            #.......     10%         2    None
e - Conjure Flame         Conj/Fire      ###.....     11%         3    None
f - Mephitic Cloud        Conj/Pois/Air  ###.....     12%         3    None

Your spell library contained the following spells:

 Spells                   Type           Power        Failure   Level  Hunger


Dungeon Overview and Level Annotations

Branches:
Dungeon (5/15)
 Temple: D:4-7

Altars:
Elyvilon
Sif Muna


Message History

Casting: Magic Dart (safe; 2% risk of failure)
Confirm with . or Enter, or press ? or * to list all spells.
Aiming: Magic Dart (safe; 2% risk of failure)
Press: ? - help, Shift-Dir - straight line, f/p - ogre
Aim: an ogre, wielding a +0 giant club (heavily wounded, confused)
The magic dart hits the ogre.
The ogre is heavily wounded.
The ogre laughs crazily.
Casting: Magic Dart (safe; 2% risk of failure)
Confirm with . or Enter, or press ? or * to list all spells.
Aiming: Mephitic Cloud (safe; 12% risk of failure)
Press: ? - help, Shift-Dir - straight line, f/p - ogre
Aim: an ogre, wielding a +0 giant club (heavily wounded, confused)
You miscast Mephitic Cloud.
You are very lightly contaminated with residual magic.
You feel sick.
The ogre is engulfed in blazing flames.
The ogre hits you with a +0 giant club!!
Ouch! That really hurt!
You die...

...# ...# .### #
.#######.#..
.##......#.##
.......>.....
.#..#...##.##
.#..#........########
..ยง.##..##.#...O@...#
.#..##..##...######......
.............# #####
.......#.##..# <#######.#
.# .. #.# # ..# #.. ..#
#.. ..# #..#


You could see an ogre (confused).

Vanquished Creatures
  An ogre (D:4)
  A bullfrog zombie (D:5)
  Natasha (twice) (D:4)
  Terence (D:2)
  2 adders
  3 gnolls
  2 worms (D:3)
  2 leopard geckos (D:2)
  3 orcs
  2 ball pythons
  5 giant cockroaches
  5 goblins
  3 hobgoblins
  6 kobolds
  A quokka (D:2)
  6 bats
  2 frilled lizards
  4 rats
51 creatures vanquished.

Vanquished Creatures (collateral kills)
  Robin (D:2)
  A worm (D:3)
  6 goblins
  2 hobgoblins (D:2)
10 creatures vanquished.

Grand Total: 61 creatures vanquished

Notes
Turn   | Place    | Note
-------+----------+-------------------------------------------
     0 | D:1      | doot the Deep Elf Wizard began the quest for the Orb.
     0 | D:1      | Reached XP level 1. HP: 10/10 MP: 7/7
    52 | D:1      | Reached skill level 5 in Spellcasting
    52 | D:1      | Reached XP level 2. HP: 8/15 MP: 1/10
   219 | D:1      | Learned a level 2 spell: Blink
   222 | D:1      | Learned a level 2 spell: Call Imp
   225 | D:1      | Learned a level 2 spell: Slow
   499 | D:2      | Noticed Robin
   773 | D:2      | Reached XP level 3. HP: 19/19 MP: 3/11
   783 | D:2      | Learned a level 3 spell: Conjure Flame
   787 | D:2      | Killed Robin
   999 | D:2      | Noticed Terence
  1313 | D:2      | Learned a level 3 spell: Mephitic Cloud
  1605 | D:3      | Found a white marble altar of Elyvilon.
  1826 | D:3      | Reached XP level 4. HP: 12/24 MP: 4/13
  2024 | D:2      | Found a deep blue altar of Sif Muna.
  2183 | D:2      | Killed Terence
  2183 | D:2      | Reached skill level 6 in Spellcasting
  2541 | D:4      | Noticed a phantom
  2859 | D:4      | Noticed Natasha
  2876 | D:4      | Killed Natasha
  2876 | D:4      | Reached XP level 5. HP: 24/28 MP: 7/15
  2903 | D:4      | Noticed an ogre
  2911 | D:4      | Noticed Natasha
  2915 | D:4      | Killed an ogre
  3021 | D:4      | Killed Natasha
  3133 | D:4      | Reached skill level 7 in Spellcasting
  3133 | D:4      | Reached XP level 6. HP: 28/32 MP: 13/18
  3251 | D:5      | Entered Level 5 of the Dungeon
  3577 | D:5      | Mangled by an ogre

Skill      XL: |  1  2  3  4  5 |
---------------+----------------+-----
Spellcasting   | 5 6 7 |  7.1
Dodging        | 3 |  3.7
Conjurations   | 2 |  2.6
Stealth        | 3 |  3.1
Fighting       | |  0.2
Short Blades   | |  0.5
Summonings     | |  1.8
Translocations | |  1.3
Fire Magic     | |  0.4
Air Magic      | |  0.3
Poison Magic   | |  0.6

Action                   |  1- 3 |  4- 6 || total
-------------------------+-------+-------++-------
Melee: Dagger            |    19 |    37 ||    56
 Cast: Magic Dart        |    87 |    38 ||   125
       Call Imp          |     9 |     4 ||    13
       Blink             |     3 |     7 ||    10
       Conjure Flame     |     2 |    11 ||    13
       Mephitic Cloud    |     1 |     9 ||    10
 Stab: Sleeping          |     1 |       ||     1
       Confused          |       |     1 ||     1
  Eat: Chunk             |     3 |     3 ||     6
       Ration            |       |     1 ||     1
Armor: Robe              |     8 |     8 ||    16
Dodge: Dodged            |    27 |    27 ||    54
